 Dungeon Sprint DCSS version 0.29.1-2-gbd0b4ee654 (webtiles) character file.

Game seed: 6942460158532971868

955 concon the Reanimator (level 7, 0/56 HPs)
             Began as a Demonspawn Necromancer on Nov 26, 2022.
             Was a Believer of Sif Muna.
             Slain by a six-headed hydra (13 damage)
             ... in the Dungeon (Sprint IX: "|||||||||||||||||||||||||||||").
             The game lasted 00:03:52 (805 turns).

concon the Reanimator (Demonspawn Necromancer)       Turns: 805, Time: 00:03:52

Health: 0/56       AC:  5    Str:  9    XL:     7   Next: 91%
Magic:  5/19       EV: 15    Int: 18    God:    Sif Muna [**....]
Gold:   0          SH:  0    Dex: 13    Spells: 16/24 levels left

rFire   . . .      SeeInvis .   k - +4 quarterstaff (spect)
rCold   . . .      Faith    .   (shield currently unavailable)
rNeg    . . .      Spirit   .   a - +0 robe
rPois   .          Reflect  .   (helmet restricted)
rElec   .          Harm     .   (no cloak)
rCorr   .          Rampage  .   l - +0 pair of gloves
Will    .....      NoTele   +   (no boots)
Stlth   ++........              (no amulet)
HPRegen 0.18/turn               m - +2 ring of protection
MPRegen 0.16/turn               n - +2 ring of evasion

@: no status effects
A: antennae 2, spiny 1
a: Renounce Religion, Channel Magic


You were in the Dungeon.
You worshipped Sif Muna.
Sif Muna was pleased with you.
You visited 1 branch

Inventory:

Hand Weapons
 f - a +0 trident
 k - a +4 spectral quarterstaff (weapon)
Armour
 a - a +0 robe (worn)
 l - a +0 pair of gloves (worn)
Jewellery
 m - a +2 ring of protection (left hand)
 n - a +2 ring of evasion (right hand)
Wands
 j - a wand of iceblast (2)
Scrolls
 h - 2 scrolls of amnesia
Potions
 b - 2 potions of magic
 c - 5 potions of curing
 d - a potion of invisibility
 e - a potion of haste
 g - 2 potions of heal wounds


   Skills:
 * Level 5.4 Fighting
 * Level 4.9 Dodging
 - Level 1.7 Stealth
 * Level 9.0 Spellcasting
 * Level 12.2 Necromancy
 * Level 6.1 Invocations
 * Level 4.3 Evocations


You had 16 spell levels left.
You knew the following spells:

 Your Spells              Type           Power      Damage    Failure   Level
a - Necrotise             Necr           100%       1d9       1%          1
b - Vampiric Draining     Necr           51%        2d9       1%          3
c - Animate Dead          Necr           51%        N/A       1%          4

Your spell library contained the following spells:

 Spells                   Type           Power      Damage    Failure   Level
 Agony                    Necr           51%        N/A       1%          5


Dungeon Overview and Level Annotations

Branches:
Dungeon (1/1)

Altars:
Cheibriados
Dithmenos
Fedhas
Gozag
Hepliaklqana
Kikubaaqudgha
Makhleb
Nemelex Xobeh
Okawaru
Qazlal
Ru
Sif Muna
Trog
Uskayaw
Vehumet
Wu Jian
Xom
Yredelemnul
Jiyva
Lugonu


Innate Abilities, Weirdness & Mutations

You have a pair of antennae on your head.
You are partially covered in sharp spines.


Message History

You kill the queen bee!
Sif Muna accepts your kill.
The queen bee's shape twists and changes as it dies.
Your Spellcasting skill increases to level 9!
Your Necromancy skill increases to level 12!
Your Invocations skill increases to level 6!
Unknown command.
Aiming: Necrotise (safe; 1% risk of failure)
Press: ? - help, Q - select action, (/) - cycle Shift-Dir - straight line, f - six-headed hydra
Aim: a six-headed hydra (chance to affect: 52%)
The six-headed hydra writhes in agony.
Unknown command.
Casting: Necrotise (safe; 1% risk of failure)
Confirm with . or Enter, or press ? or * to list all spells.
Aiming: Vampiric Draining (safe; 1% risk of failure)
Press: ? - help, Shift-Dir - straight line, f/p - six-headed hydra
Aim: a six-headed hydra (lightly wounded)
You draw life force from the six-headed hydra!
You feel life coursing into your body.
The six-headed hydra is struck by your spines.
The six-headed hydra completely misses you.
The six-headed hydra bites you.
The six-headed hydra bites you but does no damage.
The six-headed hydra closely misses you.
The six-headed hydra bites you!
The six-headed hydra closely misses you.
Casting: Vampiric Draining (safe; 1% risk of failure)
Confirm with . or Enter, or press ? or * to list all spells.
Aiming: Vampiric Draining (safe; 1% risk of failure)
Press: ? - help, Shift-Dir - straight line, f/p - six-headed hydra
Aim: a six-headed hydra (moderately wounded)
You draw life force from the six-headed hydra.
You feel life coursing into your body.
The six-headed hydra is struck by your spines.
The six-headed hydra bites you but does no damage.
The six-headed hydra bites you. The six-headed hydra bites you! x2
* * * LOW HITPOINT WARNING * * *
The six-headed hydra closely misses you.
The six-headed hydra bites you!
You die... {{{{{{{{ ▓▓▓▓▓▓▓▓▓▓▓▓▓▓▓▓▓▓▓▓▓▓▓▓ '..).).[..'.....@D5KR○Co ▓▓▓▓▓▓▓▓▓▓▓▓▓▓▓▓▓▓▓▓▓▓▓▓

You could see a six-headed hydra, a cyclops, a kobold demonologist, an efreet, an orc wizard and a white imp (summoned).

Vanquished Creatures
  A troll (D)
  A queen bee (shapeshifter) (D)
  A shadow (D)
  A yak (D)
  An orc warrior (D)
  A gnoll sergeant (D)
  An orc priest (D)
  An orc wizard (D)
  An ufetubus (D)
  A dart slug (D)
  3 orcs (D)
  A goblin (D)
  A quokka (D)
  2 rats (D)
17 creatures vanquished.

Notes
Turn   | Place    | Note
-------+----------+-------------------------------------------
     0 | D        | concon the Demonspawn Necromancer began the quest for the
                  | Orb.
     0 | D        | Reached XP level 1. HP: 13/13 MP: 3/3
   312 | D        | Reached skill level 5 in Necromancy
   359 | D        | Noticed an orc wizard
   362 | D        | Reached skill level 1 in Fighting
   362 | D        | Gained mutation: You have a pair of small antennae on your
                  | head. [demonic ancestry]
   362 | D        | Reached XP level 2. HP: 16/21 MP: 1/5
   374 | D        | Reached skill level 7 in Necromancy
   374 | D        | Reached XP level 3. HP: 17/27 MP: 2/7
   480 | D        | Found a snail-covered altar of Cheibriados.
   480 | D        | Found a shadowy altar of Dithmenos.
   480 | D        | Found a blossoming altar of Fedhas.
   480 | D        | Found an opulent altar of Gozag.
   481 | D        | Found a hazy altar of Hepliaklqana.
   482 | D        | Found a viscous altar of Jiyva.
   483 | D        | Found an ancient bone altar of Kikubaaqudgha.
   484 | D        | Found a corrupted altar of Lugonu.
   485 | D        | Found a burning altar of Makhleb.
   486 | D        | Found a sparkling altar of Nemelex Xobeh.
   487 | D        | Found an iron altar of Okawaru.
   488 | D        | Found a stormy altar of Qazlal.
   489 | D        | Found a sacrificial altar of Ru.
   490 | D        | Found a shimmering blue altar of Sif Muna.
   491 | D        | Found a bloodstained altar of Trog.
   492 | D        | Found a hide-covered altar of Uskayaw.
   493 | D        | Found a radiant altar of Vehumet.
   494 | D        | Found an ornate altar of the Wu Jian Council.
   495 | D        | Found a shimmering altar of Xom.
   496 | D        | Found a basalt altar of Yredelemnul.
   498 | D        | Became a worshipper of Sif Muna the Loreminder
   604 | D        | Learned a level 3 spell: Vampiric Draining
   635 | D        | Noticed a yak
   635 | D        | Noticed an orc warrior
   635 | D        | Noticed a shadow
   635 | D        | Noticed a troll
   635 | D        | Noticed a gnoll sergeant
   649 | D        | Reached XP level 4. HP: 27/33 MP: 6/9
   657 | D        | Killed an orc warrior
   658 | D        | Reached skill level 5 in Spellcasting
   658 | D        | Reached skill level 9 in Necromancy
   658 | D        | Reached skill level 1 in Evocations
   658 | D        | Reached XP level 5. HP: 35/41 MP: 7/12
   659 | D        | Killed a yak
   659 | D        | Reached * piety under Sif Muna
   660 | D        | Reached skill level 10 in Necromancy
   660 | D        | Gained mutation: You are partially covered in sharp spines.
                  | [demonic ancestry]
   660 | D        | Reached XP level 6. HP: 41/48 MP: 5/15
   667 | D        | Killed a troll
   668 | D        | Reached skill level 11 in Necromancy
   668 | D        | Reached skill level 5 in Invocations
   668 | D        | Gained mutation: You have a pair of antennae on your head.
                  | [demonic ancestry]
   668 | D        | Reached XP level 7. HP: 48/55 MP: 6/18
   668 | D        | Killed a shadow
   669 | D        | Reached skill level 5 in Fighting
   675 | D        | Reached ** piety under Sif Muna
   795 | D        | Learned a level 4 spell: Animate Dead
   798 | D        | Noticed a queen bee
   798 | D        | Noticed a kobold demonologist
   798 | D        | Noticed an efreet
   798 | D        | Noticed a six-headed hydra
   798 | D        | Noticed a cyclops
   802 | D        | Killed a queen bee
   803 | D        | Reached skill level 12 in Necromancy
   805 | D        | Slain by a six-headed hydra

Illustrated notes

Levels and vault maps discovered:
D:        linesprint [early_d, line_temple, items_1, d_10, items_2, lair_1,
          lair_end, items_3, orc_1, orc_end, items_4, d_15, swamp_1, shoals_1,
          snake_1, spider_1, d_20, vaults_1, items_5, swamp_end, shoals_end,
          snake_end, spider_end, vaults_end, d_27, items_6, zot_1, zot_end,
          crypt_end, forest_end, elf_end, slime_end, tomb_end, abyss_end,
          pan_hell_end]

Skill      XL: |  1  2  3  4  5  6  7 |
---------------+----------------------+-----
Necromancy     | 5 7 9 10 11 12 | 12.2
Dodging        | 2 3 4 |  4.9
Fighting       | 1 2 3 4 5 |  5.4
Spellcasting   | 3 5 6 7 9 |  9.0
Invocations    | 2 4 5 6 |  6.1
Evocations     | 1 2 3 4 |  4.3
Stealth        | |  1.7

Action                   |  1- 3 |  4- 6 |  7- 9 || total
-------------------------+-------+-------+-------++-------
Melee: Unarmed           |    13 |       |       ||    13
       Trident           |     6 |       |       ||     6
 Cast: Necrotise         |    25 |     2 |     8 ||    35
       Vampiric Draining |       |       |     4 ||     4
Evoke: Wand              |       |     6 |     2 ||     8
  Use: Potion            |     5 |       |       ||     5
       Scroll            |     2 |       |       ||     2
Armor: Robe              |     5 |       |     2 ||     7
Dodge: Dodged            |    40 |       |     9 ||    49
